 Dungeon Crawl Stone Soup version 0.21.1-1-g345015f (webtiles) character file.

573 Kairos the Skirmisher (level 7, -7/56 HPs)
             Began as a Formicid Abyssal Knight on Mar 26, 2018.
             Was a Believer of Lugonu.
             Killed from afar by Mirai's ghost (18 damage)
             ... with an orb of energy
             ... on level 4 of the Dungeon.
             The game lasted 00:08:04 (3991 turns).

Kairos the Skirmisher (Formicid Abyssal Knight)     Turns: 3991, Time: 00:08:05

Health: -7/56      AC: 13    Str: 17    XL:     7   Next: 61%
Magic:  8/8        EV: 10    Int: 12    God:    Lugonu [**....]
Gold:   179        SH:  0    Dex: 11    Spells: 6/6 levels left

rFire    . . .     SeeInvis +   u - +2 quarterstaff (chaos)
rCold    + . .     Gourm    .   (no shield)
rNeg     . . .     Faith    .   f - +3 scale mail {rC+}
rPois    .         Spirit   .   (helmet unavailable)
rElec    .         Reflect  .   w - scarf {cloud immunity}
rCorr    .         Harm     .   q - +2 pair of gloves
MR       .....                  (no boots)
Stlth    ..........             (no amulet)
HPRegen  0.18/turn              (no ring)
MPRegen  0.11/turn              (no ring)

@: no status effects
A: permanent stasis, dig shafts and tunnels, four strong arms, antennae 3
a: Dig, Shaft Self, Depart the Abyss, Bend Space, Renounce Religion


You were on level 4 of the Dungeon.
You worshipped Lugonu.
Lugonu was pleased with you.
You were not hungry.

You visited 1 branch of the dungeon, and saw 4 of its levels.
You visited the Abyss 1 time.

You collected 179 gold pieces.

Inventory:

Hand Weapons
 a - a +1 hand axe
 u - a +2 quarterstaff of chaos (weapon)
 z - a +1 whip of flaming
Missiles
 j - 6 tomahawks (quivered)
Armour
 f - a +3 scale mail of cold resistance (worn)
 q - a +2 pair of gloves (worn)
 v - a +0 cloak
 w - a scarf of cloud immunity (worn)
Jewellery
 y - an uncursed ring of protection from magic {unknown}
Wands
 h - a wand of digging (10)
 s - a wand of random effects (42)
Scrolls
 b - a scroll of enchant weapon {unknown}
 d - a scroll of fear {unknown}
 e - a scroll of immolation {unknown}
 g - 2 scrolls of remove curse {unknown}
 l - 3 scrolls of teleportation {unknown}
 m - 3 scrolls of blinking
 n - a scroll of fog {unknown}
 o - a scroll of noise {unknown}
 p - a scroll of magic mapping {unknown}
Potions
 i - 2 potions of heal wounds
 k - a potion of magic {unknown}
 r - a potion of lignification {unknown}
 t - a potion of curing
 x - 2 potions of brilliance {unknown}
Comestibles
 c - 10 rations
 A - 3 chunks of flesh


   Skills:
 + Level 5.0 Fighting
 + Level 4.0 Axes
 + Level 2.8 Staves
 + Level 0.5 Throwing
 + Level 4.9 Armour
 + Level 1.6 Dodging
 + Level 1.1 Stealth
 + Level 2.5 Invocations


You had 6 spell levels left.
You didn't know any spells.

Dungeon Overview and Level Annotations

Branches:
Dungeon (4/15)
 Temple: D:4-7

Altars:
Uskayaw

Shops:
D:4 }

Annotations:
D:4 Mirai's ghost, amateur DECj


Innate Abilities, Weirdness & Mutations

You cannot be hasted, slowed, berserked, paralysed or teleported.
You can dig through walls and to a lower floor.
Your four strong arms can wield two-handed weapons with a shield.
You have a pair of large antennae on your head. (SInv)


Message History

Mirai's ghost hits you but does no damage.
You are too injured to fight recklessly!
Mirai's ghost points at you and mumbles some strange words.
The magic dart hits you!
The phantom blinks!
Mirai's ghost casts a spell at you. The orb of energy hits you!
* * * LOW HITPOINT WARNING * * *
Mirai's ghost gestures at you while chanting.
The magic dart hits you! Mirai's ghost casts a spell at you.
The orb of energy hits you!
* * * LOW HITPOINT WARNING * * *
A bullfrog skeleton comes into view.
Found a stone staircase leading down.
Mirai's ghost casts a spell at you. The magic dart hits you!
Mirai's ghost gestures at you while chanting.
The orb of energy hits you!
You die...

.. #..## ##.# ...#
#..# #.∩# #.. #..#
##.# ######..##
#.Z####........#
##.....W........#
####....†..........##
##.#.@###............#
##.)..##
#............. #
#.....##
##.........#.. ##
##......#
############. ..#
#.......# . ...###
###.#.....#
##...###..####......
.##......## ######.
........###


You could see Mirai's ghost and a bullfrog skeleton.

Vanquished Creatures
  2 ogres (D:3)
  A crimson imp (D:3)
  A jelly (D:4)
  An orc priest (D:4)
  Crazy Yiuf (D:3)
  Jessica (D:2)
  An iguana (D:4)
  2 orc wizards
  4 adders
  3 gnolls (D:4)
  4 worms
  3 dart slugs
  2 leopard geckos
  15 orcs
  2 ball pythons
  6 bats
  A giant cockroach (D:4)
  7 goblins
  5 hobgoblins
  6 jackals
  8 frilled lizards
  6 kobolds
  10 rats
  2 plants (D:3)
94 creatures vanquished.

Vanquished Creatures (others)
  An adder skeleton (D:4)
1 creature vanquished.

Grand Total: 95 creatures vanquished

Notes
Turn   | Place    | Note
-------+----------+-------------------------------------------
     0 | Abyss:1  | Kairos the Formicid Abyssal Knight began the quest for the Orb.
     0 | Abyss:1  | Reached XP level 1. HP: 18/18 MP: 2/2
   106 | Abyss:2  | Noticed a lich
   122 | D:1      | Escaped the Abyss
   258 | D:1      | Reached XP level 2. HP: 15/24 MP: 3/3
   268 | D:1      | Reached * piety under Lugonu
   884 | D:2      | Found a hide-covered altar of Uskayaw.
   886 | D:2      | Noticed a dagger
   886 | D:2      | Noticed a dagger
   927 | D:2      | Reached skill level 4 in Fighting
   927 | D:2      | Reached XP level 3. HP: 24/30 MP: 4/4
  1145 | D:2      | Reached skill level 1 in Dodging
  1232 | D:2      | Noticed Jessica
  1238 | D:2      | Killed Jessica
  1238 | D:2      | Reached XP level 4. HP: 37/37 MP: 5/5
  1702 | D:3      | Reached XP level 5. HP: 32/43 MP: 6/6
  1896 | D:3      | Noticed an ogre
  1912 | D:3      | Killed an ogre
  1912 | D:3      | Reached XP level 6. HP: 37/49 MP: 7/7
  2162 | D:3      | Reached ** piety under Lugonu
  2288 | D:3      | Found a runed door.
  2444 | D:3      | Noticed Crazy Yiuf
  2473 | D:3      | Killed Crazy Yiuf
  3339 | D:4      | Reached skill level 1 in Staves
  3345 | D:4      | Noticed an ogre
  3364 | D:3      | Killed an ogre
  3364 | D:3      | Reached skill level 1 in Stealth
  3364 | D:3      | Reached XP level 7. HP: 12/55 MP: 8/8
  3608 | D:4      | Reached skill level 5 in Fighting
  3945 | D:4      | Found Ebeigim's Gadget Shop.
  3971 | D:4      | Noticed Mirai's ghost (amateur DECj)
  3991 | D:4      | Killed from afar by Mirai's ghost

Skill      XL: |  1  2  3  4  5  6  7 |
---------------+----------------------+-----
Fighting       | 4 5 |  5.0
Dodging        | 1 |  1.6
Armour         | 3 4 |  4.9
Axes           | 3 4 |  4.0
Staves         | 2 |  2.8
Stealth        | 1 |  1.1
Throwing       | |  0.5
Invocations    | |  2.5

Action                   |  1- 3 |  4- 6 |  7- 9 || total
-------------------------+-------+-------+-------++-------
Melee: Hand axe          |    73 |   178 |       ||   251
       Quarterstaff      |       |    90 |    54 ||   144
Throw: Tomahawk          |       |     6 |       ||     6
Invok: Depart the Abyss  |     1 |       |       ||     1
  Use: Scroll            |       |     3 |       ||     3
 Stab: Invisible         |       |     1 |       ||     1
       Paralysed         |       |       |     1 ||     1
  Eat: Chunk             |       |     7 |     3 ||    10
Armor: Scale mail        |    46 |   106 |    37 ||   189
Dodge: Dodged            |    41 |   127 |    28 ||   196
